 Dungeon Crawl Stone Soup version 0.32-a0-932-g5467873 (webtiles) character file.

Game seed: 10446533211057558447

637619 10x100sm the Formicid Barricade (level 27, 0/231 HPs)
             Began as a Formicid Fighter on Apr 14, 2024.
             Was the Champion of the Shining One.
             Killed from afar by a will-o-the-wisp (7 damage)
             ... with a foxfire
             ... on level 5 of the Abyss.
             The game lasted 02:53:18 (64743 turns).

10x100sm the Formicid Barricade (Formicid Fighter) Turns: 64743, Time: 02:53:19

Health: 0/231      AC: 32    Str: 33    XL:     27
Magic:  14/34      EV: 15    Int: 10    God:    the Shining One [******]
Gold:   7012       SH: 32    Dex: 17    Spells: 26/26 levels left

rFire   + + +        b - +9 executioner's axe (holy)
rCold   + + +        A - +2 shield of Resistance {rF++ rC++ Will++}
rNeg    + + +        c - +0 crystal plate armour
rPois   +            (helmet unavailable)
rElec   +            B - scarf {repulsion}
rCorr   +            p - +0 pair of fencer's gloves {Riposte Dex+3}
SInv    +            Z - +0 pair of boots of Hoiret {rElec rC+ Will+ Dex+3}
Will    +++++        n - amulet "Tireubi" {Acrobat Harm rElec Regen+ Slay+2} Stlth
                     J - ring of Happiness {*Slow rF++ Will+ Stlth+}
HPRegen 0.00/turn    S - ring of the Greedy {rPois rF- rN+ rCorr}
MPRegen 0.24/turn

%: slow self (1%), harm (+30% outgoing, +20% incoming), repel missiles, acrobat
@: divinely shielded, sick, glowing
A: permanent stasis, dig shafts and tunnels, antennae 3, four strong arms,
clumsy 1
}: 4/15 runes: serpentine, barnacled, slimy, silver
a: Dig, Shaft Self, Renounce Religion, Divine Shield, Cleansing Flame, Summon
Divine Warrior


You were on level 5 of the Abyss.
You worshipped the Shining One.
The Shining One was exalted by your worship.
You visited 11 branches of the dungeon, and saw 51 of its levels.
You visited the Abyss 1 time.
You also visited: Bailey and Gauntlet.

You collected 9507 gold pieces.
You spent 2495 gold pieces at shops.

Inventory:

Hand Weapons
 a - the +8 storm bow {elec, penet}
   (You found it on level 3 of the Elven Halls)
 b - a +9 executioner's axe of holy wrath (weapon)
 j - the +8 Wrath of Trog {antimagic, *Rage Rampage}
   (Okawaru gifted it to you on level 4 of the Lair of Beasts)

   It causes slowness and exhaustion when equipped.
   It extends the wielder's berserk rage when killing foes.
   *Rage:     It berserks you when you make melee attacks (+50% chance).
   Rampage:   It bestows one free step when moving towards enemies.
 o - a +2 antimagic arbalest
Missiles
 y - 5 throwing nets
 O - 14 curare-tipped darts
Armour
 c - a +0 crystal plate armour (worn)
 p - the +0 pair of fencer's gloves (worn) {Riposte Dex+3}
   (You found it on level 5 of the Vaults)

   Riposte:   It allows the wearer to riposte with melee weapons, swiftly
   retaliating against missed or blocked melee attacks.
   Dex+3:     It affects your dexterity (+3).
 A - the +2 shield of Resistance (worn) {rF++ rC++ Will++}
   (You found it on level 2 of the Depths)

   rF++:      It greatly protects you from fire.
   rC++:      It greatly protects you from cold.
   Will++:    It greatly increases your willpower.
 B - a scarf of repulsion (worn)
 K - a +1 tower shield of reflection
 Z - the +0 pair of boots of Hoiret (worn) {rElec rC+ Will+ Dex+3}
   (You acquired it on level 15 of the Dungeon)

   Dex+3:     It affects your dexterity (+3).
   rC+:       It protects you from cold.
   rElec:     It insulates you from electricity.
   Will+:     It increases your willpower.
Jewellery
 k - the ring of Doubts {rC+ rN++ Str+6 SInv}
   (You found it on level 3 of the Crypt)

   [ring of strength]

   Str+6:     It affects your strength (+6).
   rC+:       It protects you from cold.
   rN++:      It greatly protects you from negative energy.
   SInv:      It lets you see invisible.
 n - the amulet "Tireubi" (around neck) {Acrobat Harm rElec Regen+ Slay+2}
   (You found it on level 15 of the Dungeon)

   [amulet of the acrobat]

   Acrobat:   It increases your evasion while moving and waiting.
   Slay+2:    It affects your accuracy & damage with ranged weapons and melee
   (+2).
   rElec:     It insulates you from electricity.
   Regen+:    It increases your rate of health regeneration.
   Harm:      It increases damage dealt and taken.
 q - the ring of Gijeut {*Corrode rPois rN++ Str+2 Slay+4}
   (You found it on level 3 of the Crypt)

   [ring of slaying]

   Str+2:     It affects your strength (+2).
   Slay+4:    It affects your accuracy & damage with ranged weapons and melee
   (+4).
   rPois:     It protects you from poison.
   rN++:      It greatly protects you from negative energy.
   *Corrode:  It may corrode you when you take damage.
 C - a ring of protection from fire
 F - the ring "Cewni" {Fly Dex+4}
   (You took it off a fire giant on level 2 of the Depths)

   [ring of flight]

   Dex+4:     It affects your dexterity (+4).
   Fly:       It grants you flight.
 J - the ring of Happiness (left hand) {*Slow rF++ Will+ Stlth+}
   (You bought it in a shop on level 3 of the Elven Halls)

   [ring of willpower]

   rF++:      It greatly protects you from fire.
   Will+:     It increases your willpower.
   *Slow:     It may slow you when you take damage.
   Stlth+:    It makes you more stealthy.
 L - the ring of the Crushed Leylines {+Blink rN++ Str+6}
   (You found it on level 5 of the Pits of Slime)

   [ring of strength]

   Str+6:     It affects your strength (+6).
   rN++:      It greatly protects you from negative energy.
   +Blink:    It lets you blink.
 S - the ring of the Greedy (right hand) {rPois rF- rN+ rCorr}
   (You found it on level 5 of the Pits of Slime)

   [ring of resist corrosion]

   rF-:       It makes you vulnerable to fire.
   rPois:     It protects you from poison.
   rN+:       It protects you from negative energy.
   rCorr:     It protects you from acid and corrosion.
 Y - a ring of protection from cold
Talismans
 i - a granite talisman
Wands
 x - a wand of polymorph (40)
 P - a wand of paralysis (57)
 T - a wand of acid (28)
 W - a wand of warping (75)
 X - a wand of digging (11)
Scrolls
 e - 4 scrolls of revelation
 h - 5 scrolls of immolation
 m - 5 scrolls of enchant armour
 u - 3 scrolls of silence
 G - 7 scrolls of amnesia
 H - 10 scrolls of poison
 I - 8 scrolls of enchant weapon
 M - 6 scrolls of butterflies
 Q - 3 scrolls of brand weapon
 U - 7 scrolls of fear
 V - 7 scrolls of fog
Potions
 d - 8 potions of might
 f - a potion of brilliance
 g - a potion of lignification
 l - 9 potions of mutation
 r - 24 potions of curing
 s - 2 potions of cancellation
 t - 2 potions of resistance
 w - 3 potions of magic
 z - 6 potions of enlightenment
 E - 13 potions of heal wounds
 N - 5 potions of ambrosia
 R - 2 potions of attraction
Miscellaneous
 v - a Gell's gravitambourine (2/2)
 D - a condenser vane


   Skills:
 - Level 22.0 Fighting
 + Level 21.0 Axes
 - Level 20.0 Ranged Weapons
 - Level 22.0 Armour
 - Level 18.0 Dodging
 O Level 27 Shields
 + Level 15.0 Invocations
 - Level 10.0 Evocations
 + Level 9.7 Shapeshifting


You had 26 spell levels left.
You didn't know any spells.
Your spell library contained the following spells:

 Spells                   Type           Power      Damage    Failure   Level
 Apportation              Tloc           0%         N/A       95%         1
 Magic Dart               Conj           0%         1d3       95%         1
 Necrotise                Necr           0%         1d4       95%         1
 Slow                     Hex            0%         N/A       95%         1
 Sting                    Conj/Alch      0%         1d3       95%         1
 Summon Small Mammal      Summ           0%         N/A       95%         1
 Call Imp                 Summ           0%         N/A       99%         2
 Cigotuvi's Dreadful Rot  Necr/Alch/Air  0%         N/A       99%         2
 Ensorcelled Hibernation  Hex/Ice        0%         N/A       99%         2
 Jinxbite                 Hex            0%         N/A       99%         2
 Momentum Strike          Conj/Tloc      0%         3d8       99%         2
 Scorch                   Fire           0%         2d5       99%         2
 Searing Ray              Conj           0%         2d4       99%         2
 Static Discharge         Conj/Air       0%         3-3/arc   99%         2
 Sublimation of Blood     Necr           0%         N/A       99%         2
 Call Canine Familiar     Summ           0%         N/A       100%        3
 Confusing Touch          Hex            0%         N/A       100%        3
 Dazzling Flash           Conj/Hex       0%         N/A       100%        3
 Frozen Ramparts          Ice            0%         1d1       100%        3
 Fugue of the Fallen      Necr           0%         N/A       100%        3
 Hailstorm                Conj/Ice       0%         3d5       100%        3
 Inner Flame              Hex/Fire       0%         N/A       100%        3
 Mephitic Cloud           Conj/Alch/Air  0%         N/A       100%        3
 Ozocubu's Armour         Ice            0%         N/A       100%        3
 Sigil of Binding         Hex            0%         N/A       100%        3
 Stone Arrow              Conj/Erth      0%         3d7       100%        3
 Teleport Other           Tloc           0%         N/A       100%        3
 Vampiric Draining        Necr           0%         2d6       100%        3
 Volatile Blastmotes      Fire/Tloc      0%         2d10      100%        3
 Airstrike                Air            0%         2d(0-16)  100%        4
 Anguish                  Hex/Necr       0%         N/A       100%        4
 Animate Armour           Summ/Erth      0%         N/A       100%        4
 Cause Fear               Hex            0%         N/A       100%        4
 Dispel Undead            Necr           0%         3d6       100%        4
 Flame Wave               Conj/Fire      0%         2d4       100%        4
 Fulminant Prism          Conj/Alch      0%         3d5       100%        4
 Leda's Liquefaction      Alch/Erth      0%         N/A       100%        4
 Martyr's Knell           Necr/Summ      0%         N/A       100%        4
 Petrify                  Alch/Erth      0%         N/A       100%        4
 Sticky Flame             Fire/Alch      0%         2d4       100%        4
 Summon Blazeheart Golem  Fire/Summ      0%         N/A       100%        4
 Summon Lightning Spire   Summ/Air       0%         N/A       100%        4
 Alistair's Intoxication  Alch           0%         N/A       100%        5
 Borgnjor's Vile Clutch   Necr/Erth      0%         N/A       100%        5
 Curse of Agony           Necr           0%         N/A       100%        5
 Irradiate                Conj/Alch      0%         3d11      100%        5
 Lee's Rapid Deconstruct  Erth           0%         3d4*      100%        5
 Metabolic Englaciation   Hex/Ice        0%         N/A       100%        5
 Silence                  Hex/Air        0%         N/A       100%        5
 Conjure Ball Lightning   Conj/Air       0%         3x3d6     100%        6
 Dispersal                Tloc           0%         N/A       100%        6
 Eringya's Noxious Bog    Alch           0%         4d6       100%        6
 Gell's Gavotte           Tloc           0%         2d(11-16) 100%        6
 Permafrost Eruption      Ice/Erth       0%         2x4d1     100%        6
 Summon Cactus Giant      Summ           0%         N/A       100%        6
 Enfeeble                 Hex            0%         N/A       100%        7
 Malign Gateway           Summ/Tloc      0%         N/A       100%        7
 Manifold Assault         Tloc           0%         N/A       100%        7
 Orb of Destruction       Conj           0%         9d5       100%        7
 Spellforged Servitor     Conj/Summ      0%         N/A       100%        7
 Summon Hydra             Summ           0%         N/A       100%        7
 Disjunction              Tloc           0%         N/A       100%        8
 Ignition                 Fire           0%         3d3       100%        8
 Lehudib's Crystal Spear  Conj/Erth      0%         10d2      100%        8
 Shatter                  Erth           0%         3d5*      100%        9


Dungeon Overview and Level Annotations

Branches:
Dungeon (15/15)            Temple (1/1) D:4            Lair (5/5) D:11
 Shoals (4/4) Lair:3        Snake (4/4) Lair:2        Slime (5/5) Lair:4
    Orc (2/2) D:9             Elf (3/3) Orc:2        Vaults (5/5) D:13
  Crypt (3/3) Vaults:2       Tomb (0/3) Crypt:3      Depths (4/4) D:15
    Zot (0/5) Depths:4     Bailey (visited)         Gauntlet (visited)

Altars:
Ashenzari
Cheibriados
Dithmenos
Elyvilon
Fedhas
Gozag
Hepliaklqana
Kikubaaqudgha
Makhleb
Nemelex Xobeh
Okawaru
Qazlal
Ru
Sif Muna
Trog
Uskayaw
Vehumet
Wu Jian
Xom
Yredelemnul
Zin
The Shining One
Beogh
Jiyva

Shops:
D:4 ?   D:13 :   Orc:2 [(*:   Elf:3 =   Shoals:2 *   Snake:4 :   Vaults:1 ?
Vaults:3 [:*   Vaults:5 ????   Depths:1 ?[:?

Portals:
Hell: Depths:1 Depths:2 Depths:3 Depths:4
Abyss: Depths:2 Depths:3
Pandemonium: Depths:2 Depths:3
Ziggurat: Depths:2
Trove: Vaults:4 (give 3 potions of resistance)


Innate Abilities, Weirdness & Mutations

You cannot be hasted, slowed, berserked, paralysed or teleported.
You can dig through walls and to a lower floor.
You have a pair of large antennae on your head. (SInv)
Your four strong arms can wield two-handed weapons with a shield.
You are clumsy. (Dex -2)


Message History

Your angel hits the starcursed mass with a +1 whip of holy wrath!
The starcursed mass shudders and is absorbed by its neighbour.
A foxfire comes into view.
Fire: a) +8 storm bow {elec, penet}
Press: ? - help, Q - select action, (/) - cycle Shift-Dir - straight line, f - will-o-the-wisp
Aim: a will-o-the-wisp (haloed, 88% to hit)
You shoot an arrow.
The arrow pierces through the will-o-the-wisp!!
The will-o-the-wisp is severely damaged.
A foxfire comes into view.
Something touches your angel.
A starcursed mass splits.
The walking divine tome's pages rustle loudly.
Fire: a) +8 storm bow {elec, penet}
Press: ? - help, Q - select action, (/) - cycle Shift-Dir - straight line, f/p - will-o-the-wisp
Aim: a will-o-the-wisp (wisps of flame, severely damaged, ally target, haloed, 88% to hit)
Okay, then.
Your shield is strengthened by the Shining One's divine power.
The foxfire hits you but does no damage.
Your angel writhes in pain as voices assail its mind.
The foxfire dissipates!
The +8 storm bow {elec, penet} stops crackling.
Your +9 executioner's axe of holy wrath softly glows with a divine radiance!
b - a +9 executioner's axe of holy wrath (weapon)
The will-o-the-wisp gestures.
The will-o-the-wisp conjures some marshlight!
You block the walking divine tome's attack.
A starcursed mass comes into view.
A starcursed mass splits.
A deafening chorus of shrieks assaults your mind!
* * * LOW HITPOINT WARNING * * *
Your stasis prevents you from being paralysed. 2 foxfires come into view.
You carve the walking divine tome like a ham!!!
The walking divine tome is heavily damaged.
You hear a roar!
The walking divine tome closely misses you.
A deafening chorus of shrieks assaults your mind!
* * * LOW HITPOINT WARNING * * *
The foxfire hits you. You resist.
You die...

{## ...#..# #
##.,.~ ..~ .
##.#..w ~~.~#
#..#..#.. . .
##.~........ . .
§.§§...†,.#, #
§...§v.)## { # .
....v...)### # .
.....§§v@..# # .
.......A;.X#.,,
. ...........†XX
§ ~
~~.........X.X..
~
~........#x#....
.
~...............
~
.......#....##.~
# ............
.. . . #


You could see 5 starcursed masses, a walking divine tome, a will-o-the-wisp
(ally target), a small abomination and a friendly angel (summoned).

Vanquished Creatures
  Dissolution (Slime:3)
  the Royal Jelly (Slime:5)
  3 dread liches
  An ancient lich (Vaults:5)
  Xtahua (Crypt:1)
  4 juggernauts (Depths:3)
  Boris (thrice) (Depths:1 Depths:2 Crypt:1)
  Saint Roka (Elf:3)
  6 caustic shrikes
  Nikola (Depths:1)
  4 golden dragons
  A bone dragon (Depths:4)
  3 doom hounds (Crypt:1)
  Rupert (Lair:4)
  3 tentacled monstrosities
  3 liches
  Grunn (Crypt:1)
  21 titans
  A walking frostbound tome (Depths:3)
  5 deep elf master archers
  Mlioglotl (Snake:3)
  2 walking divine tomes (Depths:3)
  5 deep elf blademasters
  A quicksilver dragon (Vaults:5)
  An Executioner (Abyss:5)
  2 krakens
  10 sphinxes
  18 acid blobs
  6 ancient champions
  5 tentacled starspawn
  8 shadow dragons
  10 tengu reavers
  4 storm dragons
  Aizul (Snake:2)
  3 revenants (Crypt:3)
  2 daevas
  3 nagarajas
  10 rockslimes
  2 iron dragons
  Roxanne (Snake:1)
  13 frost giants
  13 azure jellies
  A draconian knight (Depths:4)
  20 fire giants
  Louise (D:15)
  3 deep elf sorcerers
  22 vault wardens
  4 deep elf elementalists
  A spectral juggernaut (Crypt:3)
  3 orc warlords
  22 very ugly things
  A reaper (Depths:2)
  A spriggan defender (Depths:4)
  9 quicksilver oozes
  A caustic shrike zombie (Crypt:1)
  A ghoul (Crypt:2)
  33 stone giants
  A draconian annihilator (Depths:4)
  15 ironbound preservers
  7 formless jellyfish
  11 ironbound thunderhulks
  3 green draconians
  7 vampire knights
  7 deep elf demonologists
  14 deep elf death magi
  3 white draconians
  2 black draconians (Depths:4)
  11 dire elephants
  2 spectral titans (Crypt:3)
  3 red draconians
  A minotaur (Gauntlet)
  4 war gargoyles
  3 deep elf annihilators
  2 yellow draconians (Depths:4)
  4 purple draconians
  9 eidola
  Azrael (Snake:2)
  8 merfolk impalers
  5 fire dragons
  11 ettins
  3 merfolk javelineers
  3 spectral quicksilver dragons (Crypt:3)
  47 vault guards
  9 jiangshi
  3 rakshasas
  5 entropy weavers
  5 spectral spriggans (Crypt:3)
  17 hydras
  5 deep elf high priests
  9 yaktaur captains
  3 alligator snapping turtles
  4 salamander tyrants
  Erica (Lair:2)
  2 hell beasts
  14 ice dragons
  6 centaur warriors
  14 great orbs of eyes
  A juggernaut simulacrum (Crypt:3)
  2 peacekeepers (Vaults:4)
  3 spriggan air magi
  A spectral draconian (Crypt:3)
  4 satyrs
  4 catoblepae
  7 merfolk aquamancers
  12 boulder beetles
  3 two-headed ogres
  20 anacondas
  4 merfolk avatars
  3 death knights
  A fenstrider witch zombie (Crypt:1)
  4 ogre magi
  12 deep troll earth magi
  9 deep troll shamans
  15 ironbound frosthearts
  22 dancing weapons
  5 death yaks (Lair:1)
  11 tengu warriors
  A spectral dire elephant (Crypt:3)
  6 thrashing horrors
  3 orc high priests
  An Orb Guardian skeleton (Crypt:1)
  13 vampire magi
  12 shock serpents
  20 naga sharpshooters
  3 occultists
  4 spriggan berserkers
  2 spectral storm dragons (Crypt:3)
  8 iron trolls
  6 hell knights
  39 deep elf knights
  5 spriggans
  22 naga warriors
  3 soul eaters
  A spectral bunyip (Crypt:3)
  2 sixfirhies
  26 skeletal warriors
  4 spatial maelstroms
  5 shadow wraiths (Crypt:3)
  7 salamander mystics
  3 skysharks
  4 wretched stars
  A bunyip zombie (Abyss:3)
  27 deep elf archers
  16 sea snakes
  An orb spider (shapeshifter) (Vaults:4)
  11 flayed ghosts
  A spectral hydra (Crypt:3)
  2 spriggan simulacra
  5 glowing orange brains
  66 deep trolls
  An anaconda skeleton (Crypt:1)
  9 naga ritualists
  21 ironbound convokers
  6 arcanists
  15 harpies
  A bog body (Crypt:2)
  16 mana vipers
  11 lindwurms
  14 phantasmal warriors
  2 iron dragon zombies
  An obsidian bat (Orc:1)
  6 necromancers
  7 orc knights
  53 deep elf pyromancers
  A shining eye (Slime:1)
  A spectral ettin (Crypt:3)
  39 salamanders
  42 ugly things
  31 deep elf zephyrmancers
  A fire giant zombie (Crypt:2)
  6 cyclopes
  An oklob plant (Lair:1)
  16 fauns
  A shadow dragon skeleton (Crypt:3)
  14 manticores
  5 orc sorcerers
  A shining eye (shapeshifter) (Depths:2)
  A wolf spider (D:13)
  6 kobold blastminers (Orc:1)
  6 water nymphs
  2 meliai
  13 guardian serpents
  3 merfolk sirens
  43 black mambas
  18 naga magi
  An apocalypse crab (Shoals:2)
  A worldbinder (Abyss:5)
  20 vault sentinels
  A dire elephant zombie (Crypt:1)
  5 torpor snails (Lair:5)
  6 elephants (Lair:5)
  A rust devil (Abyss:3)
  9 cane toads
  An eye of devastation (shapeshifter) (Vaults:4)
  7 eyes of devastation
  2 gargoyles
  3 orange demons (Abyss:3)
  3 smoke demons
  10 large abominations
  7 komodo dragons
  2 unseen horrors
  An alligator snapping turtle zombie (Crypt:1)
  A hellion (Abyss:5)
  A yaktaur (shapeshifter) (Vaults:5)
  2 rime drakes (Lair:5)
  An unseen horror zombie (Crypt:2)
  An orc skeleton (Abyss:3)
  A sea snake zombie (Crypt:2)
  A swamp worm zombie (Crypt:1)
  20 yaktaurs
  11 tengu conjurers
  An efreet (D:13)
  8 ancient zymes
  2 spectral nagas (Crypt:3)
  A tormentor (Abyss:3)
  A pale draconian skeleton (Crypt:3)
  A black draconian skeleton (Crypt:3)
  An unseen horror skeleton (Crypt:3)
  16 freezing wraiths
  25 merfolk
  A purple draconian skeleton (Crypt:1)
  A queen bee (Lair:2)
  7 trolls
  3 wind drakes (Shoals:4)
  12 hornets
  3 tyrant leeches (Lair:5)
  Grinder (D:4)
  2 spectral harpies (Crypt:3)
  2 queen bees (shapeshifter)
  3 polar bears
  Prince Ribbit (D:5)
  6 snapping turtles
  A harpy skeleton (Abyss:3)
  2 tarantellas
  16 blink frogs
  4 glass eyes
  A radroach zombie (Crypt:1)
  A meliai zombie (Crypt:1)
  4 dream sheep (Lair:5)
  5 raiju
  A centaur simulacrum (D:14)
  119 slime creatures
  Sigmund (D:3)
  A human simulacrum (Crypt:3)
  A culicivora (Vaults:3)
  A shadow (D:11)
  16 water elementals
  2 air elementals
  2 vampires (Abyss:3)
  9 wraiths
  28 starcursed masses
  6 wyverns
  3 ynoxinuls
  79 yaks
  A steam dragon (D:7)
  7 fire elementals
  9 redbacks
  7 basilisks
  9 wargs
  14 golden eyes
  7 vampire mosquitoes
  2 neqoxecs
  39 nagas
  10 small abominations
  A chaos spawn (Abyss:3)
  A harpy simulacrum (Abyss:1)
  4 acid dragons
  16 spatial vortices (Abyss:3)
  5 hell hounds
  25 water moccasins
  41 orc warriors
  A demonspawn skeleton (Crypt:2)
  4 ice beasts
  31 laughing skulls
  2 black bears
  9 wolves
  7 boggarts
  10 ogres
  9 centaurs
  A swamp dragon skeleton (Crypt:3)
  4 phantoms
  6 kobold brigands
  A brain worm (Abyss:5)
  A brain worm (shapeshifter) (Elf:1)
  13 bullfrogs
  3 scorpions
  2 gnoll sergeants
  An earth elemental (Elf:2)
  A naga simulacrum (Crypt:1)
  A water moccasin zombie (Crypt:3)
  5 wights (D:8)
  31 killer bees
  2 jellies
  A yak skeleton (Crypt:1)
  3 howler monkeys
  A troll skeleton (Crypt:3)
  8 electric eels
  A bombardier beetle (D:5)
  A quasit (Abyss:3)
  Crazy Yiuf (D:3)
  25 orc priests
  A gnoll bouda (D:5)
  5 hounds
  Ijyb (D:5)
  2 iguanas
  24 orc wizards
  4 hell rats (Lair:2)
  An ice beast zombie (Crypt:3)
  An acid dragon skeleton (Crypt:2)
  Robin (D:4)
  14 gnolls
  12 river rats (D:4)
  10 adders
  4 shadow imps (Gauntlet)
  2 white imps
  4 ufetubi
  An adder skeleton (Crypt:1)
  3 dart slugs
  A ribbon worm (D:2)
  100 orcs
  3 bats
  A bat skeleton (Crypt:1)
  4 endoplasms
  18 goblins
  9 hobgoblins
  6 jackals
  24 kobolds
  4 quokkas
  A ball python (D:4)
  A frilled lizard skeleton (Crypt:2)
  2 kobold skeletons
  14 rats
  A butterfly (D:7)
  2 lurking horrors
  8 starspawn tentacles
  4 tentacles
2677 creatures vanquished.

Vanquished Creatures (collateral kills)
  2 large abominations (Abyss:5)
  A smoke demon (Abyss:5)
  A small abomination (Abyss:5)
  A laughing skull (Abyss:5)
  A brain worm (Abyss:5)
  4 starcursed masses (Abyss:5)
10 creatures vanquished.

Vanquished Creatures (others)
  A merfolk impaler (Shoals:4)
  A deep elf archer (Abyss:3)
  An orc warrior (Orc:2)
  An elf zombie (Crypt:2)
  A white imp (Abyss:3)
  A goblin (D:7)
  2 foxfires (Abyss:5)
  6 starspawn tentacles (Abyss:3)
  7 tentacles
21 creatures vanquished.

Grand Total: 2708 creatures vanquished

Notes
Turn   | Place    | Note
-------+----------+-------------------------------------------
     0 | D:1      | 10x100sm the Formicid Fighter began the quest for the Orb.
     0 | D:1      | Reached XP level 1. HP: 18/18 MP: 1/1
   161 | D:1      | Reached XP level 2. HP: 24/24 MP: 2/2
   187 | D:1      | Found a faded altar of an unknown god.
   883 | D:2      | Reached XP level 3. HP: 29/29 MP: 3/3
  1198 | D:2      | Reached XP level 4. HP: 35/35 MP: 4/4
  1484 | D:3      | Noticed Sigmund
  1505 | D:3      | Killed Sigmund
  1506 | D:3      | Reached XP level 5. HP: 11/41 MP: 5/5
  1506 | D:3      | Reached XP level 6. HP: 13/47 MP: 6/6
  1953 | D:3      | Identified the +3 hammer of the Twisting Pariah {elec,
                  | rPois Will+ Str-4 Dex+5}
  1957 | D:3      | Found a runed translucent door.
  1958 | D:3      | Noticed Crazy Yiuf
  1966 | D:3      | Killed Crazy Yiuf
  2062 | D:3      | Reached XP level 7. HP: 52/54 MP: 7/7
  2365 | D:4      | Found Xussyini's Magic Scroll Boutique.
  2373 | D:4      | Bought a scroll of noise for 12 gold pieces
  2432 | D:4      | Noticed Grinder
  2445 | D:4      | Killed Grinder
  2446 | D:4      | Reached skill level 5 in Fighting
  2512 | D:4      | Reached XP level 8. HP: 62/62 MP: 8/8
  2519 | D:4      | Found an ornate altar of the Wu Jian Council.
  2606 | D:4      | Noticed Robin
  2612 | D:4      | Killed Robin
  2980 | D:4      | Found a staircase to the Ecumenical Temple.
  3256 | D:4      | HP: 2/62 [orc/+0 flail (6)]
  3263 | D:4      | You fall into a shaft and drop 3 floors!
  3367 | D:7      | Reached skill level 1 in Evocations
  3380 | D:7      | Found a flagged portal.
  3436 | Bailey   | Entered a bailey
  4019 | Bailey   | Reached skill level 5 in Evocations
  4024 | Bailey   | Reached XP level 9. HP: 22/71 MP: 9/9
  4625 | D:6      | Reached skill level 5 in Armour
  4770 | D:5      | Entered Level 5 of the Dungeon
  4773 | D:5      | Reached skill level 5 in Shields
  4846 | D:5      | Noticed Prince Ribbit
  4853 | D:5      | Killed Prince Ribbit
  4854 | D:5      | Reached skill level 6 in Shields
  5469 | D:5      | Reached XP level 10. HP: 52/80 MP: 10/10
  5586 | D:5      | Noticed Ijyb
  5591 | D:5      | Killed Ijyb
  5664 | D:5      | Reached skill level 7 in Shields
  5798 | D:5      | Reached skill level 8 in Shields
  5929 | D:5      | Found a basalt altar of Yredelemnul.
  6282 | D:6      | Identified the +4 leather armour of the Northern Lights
                  | {Will+ Int+3 Slay+2}
  6385 | D:6      | Reached skill level 1 in Dodging
  6392 | D:6      | Identified the +0 dire flail "Zaduekal" {freeze, rF- Int+4}
  6684 | D:6      | Found a burning altar of Makhleb.
  6690 | D:6      | Identified the +3 battleaxe of Zil Noer {heavy, rElec Str+2
                  | Dex+3}
  6849 | Temple   | Entered the Ecumenical Temple
  6856 | Temple   | Became a worshipper of Warmaster Okawaru
  6970 | D:7      | Found a white marble altar of Elyvilon.
  7113 | D:7      | Noticed an unseen horror
  7117 | D:7      | Killed an unseen horror
  7448 | D:8      | Noticed a centaur warrior
  7451 | D:8      | Reached * piety under Okawaru
  7467 | D:8      | Killed a centaur warrior
  7480 | D:8      | Reached XP level 11. HP: 30/86 MP: 12/14
  7511 | D:8      | Noticed a meliai
  7516 | D:8      | Killed a meliai
  7517 | D:8      | Reached skill level 5 in Invocations
  7863 | D:8      | Reached skill level 10 in Axes
  7942 | D:8      | Found a glowing silver altar of Zin.
  8005 | D:8      | Reached ** piety under Okawaru
  8184 | D:8      | Reached *** piety under Okawaru
  8404 | D:9      | Found a snail-covered altar of Cheibriados.
  8470 | D:9      | Found a broken altar of Ashenzari.
  8648 | D:9      | Found a staircase to the Orcish Mines.
  9004 | D:9      | Found a hazy altar of Hepliaklqana.
  9005 | D:9      | Found a shimmering altar of Xom.
  9333 | D:9      | Reached **** piety under Okawaru
  9473 | D:10     | Entered Level 10 of the Dungeon
  9777 | D:10     | Reached XP level 12. HP: 85/95 MP: 16/16
 10161 | D:10     | Found a glowing golden altar of the Shining One.
 10213 | D:10     | Reached ***** piety under Okawaru
 10352 | D:10     | Found an opulent altar of Gozag.
 10370 | D:10     | Found an ancient bone altar of Kikubaaqudgha.
 10627 | D:11     | Reached skill level 10 in Fighting
 10663 | D:11     | Found a staircase to the Lair.
 10668 | D:11     | Noticed a centaur warrior
 10670 | Lair:1   | Entered Level 1 of the Lair of Beasts
 10675 | D:11     | Killed a centaur warrior
 10675 | D:11     | Received a gift from Okawaru
 10928 | Lair:1   | You fall into a shaft and drop 1 floor!
 11578 | Lair:1   | Noticed a death yak
 11578 | Lair:1   | Noticed a death yak
 11580 | Lair:1   | Noticed a death yak
 11580 | Lair:1   | Noticed a death yak
 11582 | Lair:1   | Noticed a death yak
 11588 | Lair:1   | Killed a death yak
 11592 | Lair:1   | Killed a death yak
 11592 | Lair:1   | Killed a death yak
 11592 | Lair:1   | Received a gift from Okawaru
 11596 | Lair:1   | Killed a death yak
 11600 | Lair:1   | Killed a death yak
 11601 | Lair:1   | Reached XP level 13. HP: 72/103 MP: 13/20
 11781 | Lair:1   | Reached skill level 10 in Invocations
 12288 | Lair:2   | Noticed Erica
 12296 | Lair:2   | Killed Erica
 12448 | Lair:2   | Noticed a catoblepas
 12451 | Lair:2   | Killed a catoblepas
 12454 | Lair:2   | Noticed a five-headed hydra
 12463 | Lair:2   | Killed a one-headed hydra
 12869 | Lair:2   | Reached skill level 10 in Evocations
 12884 | Lair:2   | Found a staircase to the Snake Pit.
 13787 | Lair:3   | Received a gift from Okawaru
 14284 | Lair:3   | Reached XP level 14. HP: 62/114 MP: 21/21
 14467 | Lair:3   | Found an ornate altar of the Wu Jian Council.
 14467 | Lair:3   | Found a hide-covered altar of Uskayaw.
 14695 | Lair:3   | Found a staircase to the Shoals.
 14911 | Lair:4   | Reached ****** piety under Okawaru
 14912 | Lair:4   | Acquired the +8 Wrath of Trog {antimagic, *Rage Rampage}
 14912 | Lair:4   | Received a gift from Okawaru
 14912 | Lair:4   | Found the +8 Wrath of Trog {antimagic, *Rage Rampage}
 15115 | Lair:4   | Noticed Rupert
 15132 | Lair:4   | Killed Rupert
 15133 | Lair:4   | Reached skill level 15 in Axes
 15715 | Lair:4   | Found a staircase to the Slime Pits.
 15715 | Lair:4   | Found a viscous altar of Jiyva.
 15839 | Lair:5   | Entered Level 5 of the Lair of Beasts
 15854 | Lair:5   | Received a gift from Okawaru
 15871 | Lair:5   | Acquired the +1 pair of gloves "Mobb" {Regen+}
 15871 | Lair:5   | Received a gift from Okawaru
 16094 | Lair:5   | Received a gift from Okawaru
 16507 | Lair:5   | Reached skill level 9 in Shields
 16644 | Lair:5   | Identified the maw talisman "Ximeg" {Will+ Int+3 Dex+3
                  | Stlth+}
 16694 | Lair:5   | Reached skill level 10 in Shields
 16878 | Lair:5   | Received a gift from Okawaru
 17008 | Lair:5   | Reached XP level 15. HP: 55/123 MP: 7/22
 17173 | Lair:5   | Reached skill level 10 in Armour
 18679 | D:11     | Received a gift from Okawaru
 18790 | D:11     | Reached skill level 11 in Shields
 19960 | D:12     | Reached skill level 12 in Shields
 20737 | D:13     | Found a gate leading to a gauntlet.
 20746 | Gauntlet | Entered a Gauntlet
 20746 | Gauntlet | Found a transporter.
 20746 | Gauntlet | Found a transporter.
 20747 | Gauntlet | Found a transporter.
 20748 | Gauntlet | Found a transporter.
 20749 | Gauntlet | Found a transporter.
 20751 | Gauntlet | Found a transporter.
 20757 | Gauntlet | Found a transporter.
 20759 | Gauntlet | Found a transporter.
 20760 | Gauntlet | Found a transporter.
 20762 | Gauntlet | Found a transporter.
 20770 | Gauntlet | Found a transporter.
 20774 | Gauntlet | Found a transporter.
 20778 | Gauntlet | Found the macabre finger necklace {Finger+ rN+}
 21066 | Gauntlet | Received a gift from Okawaru
 22185 | D:13     | Found Ezenarhoi's Book Shop.
 22194 | D:13     | Received a gift from Okawaru
 22195 | D:13     | Reached skill level 13 in Shields
 22548 | D:13     | Reached skill level 5 in Dodging
 22935 | D:13     | Reached XP level 16. HP: 130/130 MP: 7/23
 23304 | D:13     | Found a gate to the Vaults.
 23345 | D:13     | Received a gift from Okawaru
 24755 | D:14     | Received a gift from Okawaru
 25648 | D:15     | Entered Level 15 of the Dungeon
 25848 | D:15     | Identified a scroll of acquirement
 25849 | D:15     | Acquired the +0 pair of boots of Hoiret {rElec rC+ Will+
                  | Dex+3}
 25981 | D:15     | Identified the amulet "Tireubi" {Acrobat Harm rElec Regen+
                  | Slay+2}
 26133 | D:15     | Found a staircase to the Depths.
 26142 | D:15     | Noticed Louise
 26164 | D:15     | Killed Louise
 26164 | D:15     | Received a gift from Okawaru
 27405 | Orc:1    | Entered Level 1 of the Orcish Mines
 27486 | Orc:1    | Reached skill level 15 in Fighting
 27491 | Orc:1    | Reached XP level 17. HP: 137/142 MP: 8/24
 27993 | Orc:2    | Entered Level 2 of the Orcish Mines
 28042 | Orc:2    | Found a staircase to the Elven Halls.
 28431 | Orc:2    | Found a roughly hewn altar of Beogh.
 28448 | Orc:2    | Found Vaodet's Book Boutique.
 28459 | Orc:2    | Received a gift from Okawaru
 28477 | Orc:2    | Found Cilaosi's Antique Armour Boutique.
 28593 | Orc:2    | Found Zedgh's General Store.
 28630 | Orc:2    | Bought a potion of heal wounds for 70 gold pieces
 28812 | Orc:2    | Found a roughly hewn altar of Beogh.
 29142 | Orc:2    | Found Saot's Antique Weapon Boutique.
 29253 | Elf:1    | Entered Level 1 of the Elven Halls
 29561 | Elf:1    | Received a gift from Okawaru
 29616 | Elf:1    | Noticed a sphinx
 29625 | Elf:1    | Killed a sphinx
 29664 | Elf:1    | Received a gift from Okawaru
 29672 | Elf:1    | Reached XP level 18. HP: 66/154 MP: 5/25
 29914 | Elf:1    | Reached XP level 19. HP: 159/161 MP: 6/26
 30369 | Elf:2    | Received a gift from Okawaru
 30403 | Elf:2    | Reached skill level 14 in Shields
 30444 | Elf:2    | Found a runed translucent gate.
 30446 | Elf:2    | Found a runed translucent gate.
 30450 | Elf:2    | Found a runed translucent gate.
 30740 | Elf:2    | Reached skill level 15 in Shields
 31084 | Elf:2    | Received a gift from Okawaru
 31092 | Elf:2    | Reached skill level 15 in Armour
 31111 | Elf:2    | Noticed a deep elf blademaster
 31128 | Elf:2    | Killed a deep elf blademaster
 31249 | Elf:2    | Received a gift from Okawaru
 31522 | Elf:3    | Entered Level 3 of the Elven Halls
 31536 | Elf:3    | Found Ceokedeh's Jewellery Shoppe.
 31546 | Elf:3    | Bought the ring of Happiness {*Slow rF++ Will+ Stlth+} for
                  | 653 gold pieces
 31583 | Elf:3    | Identified the serpent talisman of Intuition {rCorr}
 31652 | Elf:3    | Reached skill level 16 in Shields
 31761 | Elf:3    | Reached XP level 20. HP: 163/164 MP: 9/27
 31854 | Elf:3    | Identified the +1 plate armour of Hairiness {rF- rC+ Str+3
                  | Dex+8}
 31867 | Elf:3    | Reached skill level 17 in Shields
 31904 | Elf:3    | Identified the +2 ring mail of the Nice Jabberwock {Rampage
                  | Str-4 Int-5 Slay+5}
 31975 | Elf:3    | Received a gift from Okawaru
 32063 | Elf:3    | Found the +8 storm bow {elec, penet}
 32280 | Elf:3    | Identified the +4 morningstar of Ockahie {vamp, Str+5}
 32281 | Elf:3    | Reached skill level 1 in Ranged Weapons
 32399 | Elf:3    | Got the Treatise on the Allied Barrage
 32407 | Elf:3    | Identified the +3 giant spiked club "Tefillir" {venom, Fly
                  | rC- Str+2 Dex+3}
 32525 | Elf:3    | Noticed Saint Roka
 32544 | Elf:3    | Killed Saint Roka
 33250 | Shoals:1 | Entered Level 1 of the Shoals
 33930 | Shoals:1 | Reached skill level 5 in Ranged Weapons
 34383 | Shoals:2 | Received a gift from Okawaru
 34504 | Shoals:2 | Found Saepn's Assorted Antiques.
 34927 | Shoals:2 | Noticed a tentacled monstrosity
 34934 | Shoals:2 | Killed a tentacled monstrosity
 34938 | Shoals:2 | Identified the ring "Ecunno" {rElec rN+ Str+2 Stlth+}
 36023 | Shoals:3 | Reached XP level 21. HP: 165/166 MP: 28/28
 36488 | Shoals:4 | Entered Level 4 of the Shoals
 36741 | Shoals:4 | Received a gift from Okawaru
 37053 | Shoals:4 | Reached skill level 10 in Ranged Weapons
 37198 | Shoals:4 | Got a barnacled rune of Zot
 37675 | Snake:1  | Entered Level 1 of the Snake Pit
 37714 | Snake:1  | Noticed Roxanne
 37728 | Snake:1  | Killed Roxanne
 39289 | Snake:2  | Identified the serpent talisman of Lightning Storm {rF++
                  | rC+ Dex+2 Stlth+}
 39289 | Snake:2  | Noticed Aizul
 39307 | Snake:2  | Killed Aizul
 39450 | Snake:2  | Noticed Azrael
 39460 | Snake:2  | Killed Azrael
 40882 | Snake:3  | Reached XP level 22. HP: 181/181 MP: 29/29
 40892 | Snake:3  | Noticed Mlioglotl
 40906 | Snake:3  | Noticed a bone dragon
 40907 | Snake:3  | Killed Mlioglotl
 41240 | Snake:3  | Reached skill level 15 in Ranged Weapons
 41449 | Snake:3  | Received a gift from Okawaru
 41627 | Snake:3  | Acquired 671 gold pieces
 41695 | Snake:3  | Found a hazy altar of Hepliaklqana.
 41971 | Snake:4  | Entered Level 4 of the Snake Pit
 42035 | Snake:4  | Reached skill level 18 in Shields
 42047 | Snake:4  | Received a gift from Okawaru
 42439 | Snake:4  | Found Ulaefy's Book Boutique.
 42991 | Snake:4  | Reached skill level 19 in Shields
 43030 | Snake:4  | Reached XP level 23. HP: 194/194 MP: 23/30
 43095 | Snake:4  | Got a serpentine rune of Zot
 43523 | Vaults:1 | Entered Level 1 of the Vaults
 43553 | Vaults:1 | Found Bipeonier's Magic Scroll Shoppe.
 43884 | Vaults:1 | Received a gift from Okawaru
 45097 | Vaults:2 | Found a staircase to the Crypt.
 46603 | Vaults:3 | Found Canifon's Assorted Antiques.
 47091 | Vaults:3 | Identified the staff of the Big Bang {rF+ Dex+2 Fire}
 47135 | Vaults:3 | Reached XP level 24. HP: 201/204 MP: 13/30
 47388 | Vaults:3 | Found Dutisoh's Book Shop.
 47394 | Vaults:3 | Bought a manual of Dodging for 1760 gold pieces
 47419 | Vaults:3 | Received a gift from Okawaru
 47458 | Vaults:3 | Reached skill level 20 in Shields
 47617 | Vaults:3 | Identified the +9 morningstar of the Sky {flame, Will+
                  | Str+5}
 47643 | Vaults:3 | Found Ubikih's Armour Shop.
 48003 | Vaults:4 | Found a portal to a secret trove of treasure.
 48452 | Vaults:4 | Reached skill level 10 in Dodging
 48512 | Vaults:4 | Noticed a dread lich
 48525 | Vaults:4 | Killed a dread lich
 49584 | Vaults:4 | Received a gift from Okawaru
 49591 | Vaults:4 | Identified the ring of Asisutio {Fire rElec Will+ Dex-2}
 49800 | Vaults:5 | Entered Level 5 of the Vaults
 49852 | Vaults:5 | Reached skill level 15 in Dodging
 49852 | Vaults:5 | Reached XP level 25. HP: 207/208 MP: 27/30
 50120 | Vaults:5 | Received a gift from Okawaru
 50178 | Vaults:5 | Identified the +7 quarterstaff "Cips" {venom, MP+9}
 50265 | Vaults:5 | Noticed an ancient lich
 50273 | Vaults:5 | Killed an ancient lich
 50694 | Vaults:5 | Found the -2 hat of the Alchemist {rElec rPois rF+ rC+ rN+
                  | Will+ rMut rCorr}
 50713 | Vaults:5 | Got a silver rune of Zot
 50835 | Vaults:5 | Identified the +6 fire dragon scales of Incorporation {rF++
                  | rC- Str+3}
 51174 | Vaults:5 | Found Jidep's Magic Scroll Emporium.
 51210 | Vaults:5 | Found Anwuimni's Magic Scroll Shoppe.
 51234 | Vaults:5 | Found Qocheex's Magic Scroll Shoppe.
 51234 | Vaults:5 | Found Gulloghe's Magic Scroll Boutique.
 51281 | Vaults:5 | Noticed a dread lich
 51291 | Vaults:5 | Killed a dread lich
 51385 | Vaults:5 | Found the +0 pair of fencer's gloves {Riposte Dex+3}
 51515 | Vaults:5 | Got the Guidebook on the Brume
 51807 | Depths:1 | Entered Level 1 of the Depths
 51811 | Depths:1 | Acquired a manual of Shields
 51830 | Depths:1 | Found Acowoif's Armour Boutique.
 51831 | Depths:1 | Identified the +3 robe "Dalewnith" {Fly}
 51831 | Depths:1 | Noticed Boris
 51842 | Depths:1 | Killed Boris
 51859 | Depths:1 | Received a gift from Okawaru
 51934 | Depths:1 | Found Meosyps's Magic Scroll Shop.
 51934 | Depths:1 | Found Petier's Magic Scroll Boutique.
 51937 | Depths:1 | Found Atubu's Book Shop.
 51974 | Depths:1 | Noticed Nikola
 51982 | Depths:1 | Reached skill level 21 in Shields
 51982 | Depths:1 | Killed Nikola
 52133 | Depths:1 | Reached skill level 22 in Shields
 52144 | Depths:1 | Reached XP level 26. HP: 214/218 MP: 30/30
 52642 | Depths:1 | Reached skill level 23 in Shields
 52668 | Depths:1 | Found an iron altar of Okawaru.
 52871 | Depths:1 | Found a gateway to Hell.
 53191 | Depths:2 | Identified the +2 robe "Lenen" {rPois rN++ Stlth-}
 53191 | Depths:2 | Noticed Boris
 53202 | Depths:2 | Killed Boris
 53203 | Depths:2 | Reached skill level 24 in Shields
 53371 | Depths:2 | Received a gift from Okawaru
 53386 | Depths:2 | Reached skill level 25 in Shields
 53407 | Depths:2 | Reached skill level 26 in Shields
 53503 | Depths:2 | Identified the ring "Cewni" {Fly Dex+4}
 53575 | Depths:2 | Found the +2 shield of Resistance {rF++ rC++ Will++}
 53665 | Depths:2 | Found a one-way gate to the infinite horrors of the Abyss.
 53711 | Depths:2 | Received a gift from Okawaru
 53716 | Depths:2 | Reached skill level 27 in Shields
 53756 | Depths:2 | Found a one-way gateway to a ziggurat.
 53765 | Depths:2 | Identified the +6 kite shield of Amelioration {rElec Regen+
                  | Str+3}
 54026 | Depths:2 | Found a one-way gate leading to the halls of Pandemonium.
 54606 | Depths:3 | Identified the amulet of Tuxu {rC- Regen+ Int+4}
 55102 | Depths:3 | Noticed a juggernaut
 55104 | Depths:3 | Noticed a juggernaut
 55106 | Depths:3 | Reached XP level 27. HP: 219/226 MP: 25/30
 55113 | Depths:3 | Killed a juggernaut
 55116 | Depths:3 | Noticed a juggernaut
 55117 | Depths:3 | Killed a juggernaut
 55119 | Depths:3 | Noticed a juggernaut
 55130 | Depths:3 | Killed a juggernaut
 55130 | Depths:3 | Received a gift from Okawaru
 55132 | Depths:3 | Killed a juggernaut
 55690 | Depths:4 | Entered Level 4 of the Depths
 56166 | Depths:4 | Received a gift from Okawaru
 56369 | Depths:4 | Found a gate to the Realm of Zot.
 57233 | Slime:1  | Entered Level 1 of the Pits of Slime
 57397 | Slime:2  | Found a viscous altar of Jiyva.
 57474 | Slime:1  | Received a gift from Okawaru
 58379 | Slime:3  | Noticed Dissolution
 58386 | Slime:3  | Killed Dissolution
 59119 | Slime:5  | Entered Level 5 of the Pits of Slime
 59205 | Slime:5  | Noticed the Royal Jelly
 59213 | Slime:5  | Killed the Royal Jelly
 59265 | Slime:5  | Got a slimy rune of Zot
 59294 | Slime:5  | Identified the ring of the Greedy {rPois rF- rN+ rCorr}
 59329 | Slime:5  | Identified the +12 dire flail "Xoch" {venom, ^Drain rElec
                  | rF+ Int+2}
 59332 | Slime:5  | Identified the amulet "Featadisa" {Reflect rElec Str+3
                  | Dex+3 SH+5 Stlth+}
 59334 | Slime:5  | Identified the +1 leather armour of the Curious Spines {rN+
                  | Dex+2}
 59337 | Slime:5  | Got the Grimoire of the Vertex and Ensorcelling
 59339 | Slime:5  | Identified the +5 great sword of Prudence {pain, Int+3
                  | Dex+5}
 59341 | Slime:5  | Got Dispater's Tome of Geological Conjuring
 59351 | Slime:5  | Identified the +6 mace of Growth {holy, Str+5}
 59401 | Slime:5  | Identified the +0 scimitar "Ferobaakh" {pain, rElec rC+++
                  | Str+3 Int-5}
 59408 | Slime:5  | Identified the +0 plate armour of Xuaxzitu {Regen+ Dex+3}
 59422 | Slime:5  | Identified the ring of the Crushed Leylines {+Blink rN++
                  | Str+6}
 59430 | Slime:5  | Identified the +2 robe of Leapfrog {rF+ rCorr Int-2 Dex+3}
 59462 | Slime:5  | Received a gift from Okawaru
 60091 | D:10     | Fell from the grace of Okawaru
 60091 | D:10     | Became a worshipper of the Shining One
 60346 | Crypt:1  | Entered Level 1 of the Crypt
 60416 | Crypt:1  | Reached skill level 1 in Shapeshifting
 60416 | Crypt:1  | Reached * piety under the Shining One
 60563 | Crypt:1  | Noticed Grunn
 60572 | Crypt:1  | Reached ** piety under the Shining One
 60574 | Crypt:1  | Killed Grunn
 60669 | Crypt:1  | Noticed Xtahua
 60680 | Crypt:1  | Killed Xtahua
 60842 | Crypt:1  | Reached *** piety under the Shining One
 60914 | Crypt:1  | Identified the +2 robe "Qeavve Buxeng" {rPois}
 60914 | Crypt:1  | Noticed Boris
 60918 | Crypt:1  | Killed Boris
 61333 | Crypt:2  | Reached **** piety under the Shining One
 61504 | Crypt:2  | Reached ***** piety under the Shining One
 61680 | Crypt:2  | Reached skill level 5 in Shapeshifting
 61727 | Crypt:2  | Reached ****** piety under the Shining One
 61895 | Crypt:2  | Identified a +9 executioner's axe of holy wrath (a +9
                  | executioner's axe of flaming blessed by the Shining One)
 61895 | Crypt:2  | Received a gift from the Shining One
 62040 | Crypt:3  | Entered Level 3 of the Crypt
 62568 | Crypt:3  | Identified the +1 ring mail "Voesh" {rC++}
 62582 | Crypt:3  | Got the Compendium of Transposed Illusion
 62724 | Crypt:3  | Identified the ring of Doubts {rC+ rN++ Str+6 SInv}
 62724 | Crypt:3  | Identified the ring of Gijeut {*Corrode rPois rN++ Str+2
                  | Slay+4}
 62987 | Crypt:3  | Found a staircase to the Tomb.
 63635 | Depths:2 | Voluntarily entered the Abyss.
 63672 | Abyss:1  | Found a corrupted altar of Lugonu.
 63846 | Abyss:1  | Found a corrupted altar of Lugonu.
 64023 | Abyss:2  | Found a corrupted altar of Lugonu.
 64028 | Abyss:2  | Noticed a dread lich
 64037 | Abyss:2  | Killed a dread lich
 64097 | Abyss:3  | Found a corrupted altar of Lugonu.
 64106 | Abyss:3  | Found a burning altar of Makhleb.
 64145 | Abyss:3  | Found a burning altar of Makhleb.
 64248 | Abyss:3  | Found a corrupted altar of Lugonu.
 64678 | Abyss:5  | Gained mutation: You are clumsy. (Dex -2) [a neqoxec]
 64715 | Abyss:5  | Reached skill level 15 in Invocations
 64743 | Abyss:5  | HP: 7/231 [starcursed mass/accursed screaming (13)]
 64743 | Abyss:5  | Killed from afar by a will-o-the-wisp

Illustrated notes

Levels and vault maps discovered:
D:1:      dpeg_arrival_round_a, layout_basic, basic_ecumenical_altar,
          minmay_misc_feat_roman
D:2:      layout_basic, st_stairs_12
D:3:      minmay_general_purpose_star, layout_loops_cross, uniq_sigmund,
          uniq_crazy_yiuf_cottage
D:4:      layout_gridville, mainiacjoe_overflow_alcove_1,
          minmay_temple_entry_enclosed_plants, serial_shops, shop,
          dk_rats_in_the_wall, uniq_grinder, uniq_robin
D:5:      layout_loops_cross, marbit_many_paths, nicolae_eternal_life,
          serial_library_regret_index_split_case, uniq_prince_ribbit1, uniq_ijyb
D:6:      layout_basic, overflow_temple_1_default, st_stairs_14,
          hangedman_decor_slide_cut, glass_columns_c, grunt_decor_one_mirror
D:7:      layout_basic, nicolae_elyvilon_peaceful_grove, enter_bailey_3,
          nicolae_elevator_lobby_asterisk
D:8:      minmay_ornate_pinched, layout_loops_ring,
          mainiacjoe_overflow_boulevard
D:9:      layout_loops_ring, kennysheep_slug_shrine,
          cheibrodos_ashenzari_chains, regret_index_temple_of_mockery,
          david_orc_1_choice, minmay_misc_feat_alley
D:10:     erik_rubicon_b, layout_long_grid, kennysheep_mini_moat,
          amcnicky_altar_gilded, old_standard_altar
D:11:     layout_basic, lair_entry_dummy
D:12:     layout_rooms, chequers_hall_statues_wall_a
D:13:     regret_index_early_branch_jog, layout_long_grid, erik_vaults_2,
          gauntlet_entry_generic, kennysheep_generic_room_14
D:14:     layout_basic, serial_park_square3 [serial_park_minivault_5x5_7]
D:15:     hangedman_depths_entry_civil_slaughter, layout_irregular_city,
          minivault_19, uniq_louise
Temple:   hellmonk_temple_micro_hex
Lair:1:   layout_concentric_octagons, minmay_lair_oklob_bushes,
          lemuel_old_faithful
Lair:2:   layout_roguey [special_room_bee], minmay_snake_entry_six_corridors,
          beast_lair_carwin_9, grunt_megastairs_2, serial_bayou_shore_b,
          uniq_erica
Lair:3:   layout_regular_city, elwin_shoals_entry_rooms,
          nzn_masters_of_martial_movement
Lair:4:   layout_gridlike, slime_entry_1, minivault_26, grunt_megastairs_1,
          uniq_rupert
Lair:5:   wormcave, layout_gridlike, st_stairs_9
Shoals:1: layout_shoals
Shoals:2: dreamdust_from_the_deep, layout_shoals, serial_shops,
          nicolae_shop_window_shopping
Shoals:3: layout_shoals, ldierk_geyser
Shoals:4: shoals_end_hangedman, layout_shoals, yaktaur_hedge
Snake:1:  layout_chambers, st_stairs_12, nrook_guardian_serpent_ordinary,
          uniq_roxanne
Snake:2:  layout_chambers, uniq_aizul, uniq_azrael
Snake:3:  layout_rooms, basic_altar, nicolae_snake_salamander_fort,
          lemuel_fruit_tree, uniq_mlioglotl
Snake:4:  snake_pit_salamanders_mu, layout_misc_corridors, serial_shops, shop,
          st_stairs_6, nicolae_snake_coiling_death
Slime:1:  layout_caves, cheibrodos_slime_lost_civilization_7
Slime:2:  layout_caves, basic_altar
Slime:3:  layout_caves, uniq_dissolution
Slime:4:  layout_caves
Slime:5:  slime_pit_nicolae_trefoil
Orc:1:    layout_caves
Orc:2:    grunt_orc_cross, layout_caves, basic_altar
Elf:1:    nicolae_elf_arrival_fired_up, layout_geoelf_diagonals, special_room
          [special_room_mythical_zoo], guppyfry_library_mini
Elf:2:    elven_hall_of_blades_hangedman_original
          [nicolae_vaults_blade_armed_guards], layout_loops_corners,
          minmay_misc_feat_columns, amcnicky_mini_rare_corridor_liquid,
          minmay_strange_pillars, grunt_ministairs_8
Elf:3:    elf_hall_gauntlet_wide, layout_geoelf_grid, serial_shops, shop,
          solitary_fountain, uniq_saint_roka
Vaults:1: nicolae_vaults_storage_closets_1, v_misc_1, vaults_dpeg_encased_lava,
          v_pattern_3, v_misc_9, hangedman_vaults_cutoff,
          nicolae_vaults_house_2, layout_vaults_omnigrid, serial_shops, shop
Vaults:2: v_misc_18, hangedman_vaults_maws, minmay_crypt_entry_simple_statues,
          serial_library_hellmonk_open_square, v_misc_13,
          nicolae_vaults_trapezoid_4, v_misc_18, ontoclasm_vaults_twist,
          nicolae_vaults_closet_pinwheel_3, v_misc_22,
          nicolae_vaults_closet_pinwheel_5, v_misc_29,
          nicolae_vaults_little_squares_4, layout_vaults_omnicross
Vaults:3: nicolae_vaults_spaceships, nicolae_vaults_heist,
          nicolae_vaults_trapezoid_2, nicolae_vaults_frosty_reception,
          v_misc_10, vaults_dpeg_hooks, nicolae_vaults_disjoint_gnomons,
          v_misc_25, v_misc_29, nicolae_vaults_murderbox, layout_vaults_omnibox,
          serial_shops, nicolae_shop_statue_plus,
          nicolae_shop_pleasant_corner_grove, shop
Vaults:4: vaults_room_grid, ontoclasm_vaults_claustrophobia,
          vaults_room_door_ring, st_octagons_1, v_rooms_5, v_alt_pattern_1,
          v_misc_22, vaults_room_door_hall, nicolae_vaults_double_plus_3,
          nicolae_vaults_tetromino_T_2, hangedman_vaults_slice, v_misc_22,
          nicolae_vaults_shrinking_rooms_2, layout_vaults_maze_bifur,
          nicolae_trove_entry_isolated
Vaults:5
Crypt:1:  layout_misc_corridors, minivault_11, uniq_xtahua, uniq_grunn
Crypt:2:  layout_gridlike, library_closet
Crypt:3:  due_elkab, layout_chaotic_city, nicolae_tomb_entry_rubble_hallway
Depths:1: layout_cave_shapes, grunt_metal_band, minmay_crystal_room,
          moated_statue, minmay_fountain_box, okawaru_ov_weapons_minmay,
          minmay_shoptagon, grunt_megastairs_5, uniq_nikola, uniq_boris
Depths:2: minmay_the_grid_triangle_9x9_rhombus_full_mashed
          [minmay_the_grid_triangle_9x9_windchime,
          minmay_the_grid_triangle_9x9_corrupted_corridor,
          minmay_the_grid_triangle_9x9_empty,
          minmay_the_grid_triangle_9x9_negative_grid,
          minmay_the_grid_triangle_9x9_semitri,
          minmay_the_grid_triangle_9x9_stretched_checkered,
          minmay_the_grid_triangle_9x9_wacky_v,
          minmay_the_grid_triangle_9x9_prize_schism], layout_honeycomb,
          enter_ziggurat_b, grunt_pan_entry_zigzag, hell_entry,
          abyss_entry_crystal, nicolae_concentric_dashed_squares_mild
Depths:3: nicolae_fronds_of_death, layout_cave_pools, pf_hell_entry_tar_spiral,
          pan_entry, abyss_entry_glasseish, grunt_ministairs_7,
          minmay_misc_feat_hallway, serial_bayou_shore_b,
          infiniplex_staircase_zigzag_5
Depths:4: grunt_crosshair, layout_gridlike, chequers_serial_rivers_micro_e,
          grunt_hell_entry_dis_old, columned_hall_lemuel, serial_bayou_shore_b
Abyss:5:  base: Depths:3, dshaligram_kb_abyss_rune_zappy_water_cross,
          evilmike_abyss_exit_11

Skill      XL: |  1  2  3  4  5  6  7  8  9 10 11 12 13 14 15 16 17 18 19 20 21 22 23 24 25 26 27 |
---------------+----------------------------------------------------------------------------------+-----
Axes           | 3 4 6 7 8 9 12 14 15 17 19 20 21 | 21.0
Fighting       | 4 5 6 8 9 10 11 13 15 17 19 20 22 | 22.0
Armour         | 4 7 8 9 13 16 18 19 20 22 | 22.0
Evocations     | 5 8 10 | 10.0
Shields        | 6 8 10 13 16 17 19 20 22 27 | 27.0
Dodging        | 3 4 5 15 16 18 | 18.0
Invocations    | 4 6 9 10 15 | 15.0
Ranged Weapons | 8 14 15 17 18 20 | 20.0
Shapeshifting  | 9 |  9.7

Action                     |  1- 3 |  4- 6 |  7- 9 | 10-12 | 13-15 | 16-18 | 19-21 | 22-24 | 25-27 || total
---------------------------+-------+-------+-------+-------+-------+-------+-------+-------+-------++-------
  Melee: War axe           |    78 |    28 |     8 |       |       |       |       |       |       ||   114
         Halberd           |       |    28 |   338 |   138 |    44 |     7 |       |       |       ||   555
         Battleaxe         |       |       |       |   289 |   747 |   532 |   543 |    87 |    44 ||  2242
         Glaive            |       |       |       |       |       |    37 |       |       |       ||    37
         Executioner's axe |       |       |       |       |       |       |   277 |   314 |   656 ||  1247
   Fire: Orcbow            |       |       |       |     4 |   146 |    56 |     9 |       |       ||   215
         Longbow           |       |       |       |       |       |       |   368 |   756 |  1373 ||  2497
         Arbalest          |       |       |       |       |       |       |       |       |    18 ||    18
 Invoke: Heroism           |       |       |       |     6 |    11 |     7 |    16 |    24 |    27 ||    91
         Finesse           |       |       |       |     1 |     1 |     2 |     8 |    10 |     7 ||    29
         Receive Weapon    |       |       |       |       |     1 |       |       |       |       ||     1
         Receive Armour    |       |       |       |       |     1 |       |       |       |       ||     1
         Divine Shield     |       |       |       |       |       |       |       |       |     8 ||     8
         Cleansing Flame   |       |       |       |       |       |       |       |       |     1 ||     1
         Summon Divine War |       |       |       |       |       |       |       |       |     1 ||     1
         Brand Weapon With |       |       |       |       |       |       |       |       |     1 ||     1
Ability: Dig               |       |       |     4 |     3 |     1 |     1 |     2 |     1 |     1 ||    13
         Shaft Self        |       |       |     1 |     1 |       |       |       |       |       ||     2
  Evoke: Wand              |       |       |     1 |     8 |     1 |       |       |       |       ||    10
    Use: Potion            |       |       |       |     1 |       |     2 |     3 |       |       ||     6
         Scroll            |       |       |       |       |    12 |     8 |    15 |     1 |     6 ||    42
   Stab: Distracted        |       |       |     1 |       |       |       |       |       |       ||     1
         Petrifying        |       |       |       |       |     1 |       |       |       |       ||     1
         Petrified         |       |       |       |       |     1 |       |       |       |       ||     1
 Armour: Scale mail        |    60 |    37 |    95 |       |       |       |       |       |       ||   192
         Skin              |       |     3 |       |       |       |       |       |       |       ||     3
         Plate armour      |       |       |    48 |       |       |       |       |       |       ||    48
         Crystal plate arm |       |       |   129 |   328 |   613 |   296 |   562 |   453 |   436 ||  2817
         Acid dragon scale |       |       |       |    17 |     9 |       |       |       |       ||    26
  Dodge: Dodged            |    32 |    16 |    80 |    94 |   168 |    96 |   231 |   161 |   323 ||  1201
         Repelled          |       |       |       |       |     2 |    26 |    92 |    58 |    91 ||   269
  Block: Buckler           |    16 |    10 |    28 |       |       |       |       |       |       ||    54
         Kite shield       |       |       |   104 |   344 |   596 |   358 |   692 |   550 |   845 ||  3489
Riposte: Battleaxe         |       |       |       |       |       |       |       |       |     7 ||     7
         Executioner's axe |       |       |       |       |       |       |       |       |   184 ||   184

Table legend: (Time is in decaauts)
 A = Elapsed time spent in this place.
 B = Non-inter-level travel time spent in this place.
 C = Inter-level travel time spent in this place.
 D = Time resting spent in this place.
 E = Time spent auto-exploring this place.
 F = Levels seen in this place.
 G = Mean time per level.
                   A        B        C        D        E       F      G
               +--------+--------+--------+--------+--------+-----+--------+
         Total |  64967 |  60839 |   4128 |    148 |  47550 |  58 | 1120.1 |
       Dungeon |  19134 |  17691 |   1443 |      0 |  14355 |  15 | 1275.6 |
        Temple |     14 |     14 |      0 |      0 |      0 |   1 |   14.0 |
          Lair |   8135 |   7456 |    679 |    148 |   5907 |   5 | 1627.0 |
        Shoals |   4703 |   4449 |    254 |      0 |   3508 |   4 | 1175.8 |
     Snake Pit |   5660 |   5467 |    193 |      0 |   4278 |   4 | 1415.0 |
    Slime Pits |   2631 |   2387 |    244 |      0 |   1904 |   5 |  526.2 |
  Orcish Mines |   1842 |   1753 |     89 |      0 |   1517 |   2 |  921.0 |
   Elven Halls |   3677 |   3497 |    180 |      0 |   2328 |   3 | 1225.7 |
        Vaults |   8300 |   7704 |    596 |      0 |   6264 |   5 | 1660.0 |
         Crypt |   2917 |   2812 |    105 |      0 |   1971 |   3 |  972.3 |
        Depths |   5155 |   4814 |    341 |      0 |   3731 |   4 | 1288.8 |
         Abyss |   1063 |   1063 |      0 |      0 |    581 |   5 |  212.6 |
        Bailey |   1087 |   1087 |      0 |      0 |    764 |   1 | 1087.0 |
      Gauntlet |    643 |    643 |      0 |      0 |    440 |   1 |  643.0 |
               +--------+--------+--------+--------+--------+-----+--------+

Top non-repeatable levels by time:
    D:13: 3031 daAuts
  Lair:5: 2299 daAuts
Vaults:4: 1849 daAuts
Vaults:2: 1816 daAuts
    D:11: 1766 daAuts
    D:15: 1758 daAuts
Vaults:5: 1711 daAuts
 Snake:1: 1620 daAuts
  Lair:2: 1596 daAuts
 Snake:2: 1570 daAuts
  Lair:1: 1570 daAuts
Vaults:1: 1552 daAuts
    D:14: 1541 daAuts
  Lair:3: 1489 daAuts
   Elf:3: 1459 daAuts
